 Dungeon Crawl Stone Soup version 0.28-a0-828-g0121872642 (webtiles) character file.

Game seed: 7824630704470032599

37 Sweebthomas the Skirmisher (level 3, 0/34 HPs)
             Began as a Naga Fighter on Nov 11, 2021.
             Slain by a frilled lizard (3 damage)
             ... on level 2 of the Dungeon.
             The game lasted 00:01:44 (938 turns).

Sweebthomas the Skirmisher (Naga Fighter)            Turns: 938, Time: 00:01:44

Health: 0/34       AC:  4    Str: 19    XL:     3   Next: 41%
Magic:  3/3        EV:  7    Int:  8    God:
Gold:   67         SH:  4    Dex: 10    Spells: 2/2 levels left

rFire   . . .      SeeInvis +   a - +0 trident
rCold   . . .      Faith    .   c - +0 buckler
rNeg    . . .      Spirit   .   b - +0 scale mail
rPois   +          Reflect  .   (no helmet)
rElec   .          Harm     .   (no cloak)
rCorr   .          Rampage  .   (no gloves)
Will    .....                   (no barding)
Stlth   ..........              (no amulet)
HPRegen 0.11/turn               (no ring)
MPRegen 0.08/turn               (no ring)

@: mighty, hasted, quick
A: AC +1, large, see invisible, deformed body, poison resistance, slowness 2,
spit poison 1, naga tail 1
a: Spit Poison


You were on level 2 of the Dungeon.
You visited 1 branch of the dungeon, and saw 2 of its levels.

You collected 67 gold pieces.

Inventory:

Hand Weapons
 a - a +0 trident (weapon)
Armour
 b - a +0 scale mail (worn)
 c - a +0 buckler (worn)
Potions
 e - a potion of haste
 f - a potion of heal wounds {unknown}
 g - a potion of berserk rage {unknown}


   Skills:
 + Level 3.2 Fighting
 * Level 2.7 Polearms
 - Level 2.4 Armour
 * Level 3.0 Shields


You had 2 spell levels left.
You didn't know any spells.
Your spell library contained the following spells:

 Spells                   Type           Power      Damage    Failure   Level
 Beastly Appendage        Tmut           0%         N/A       78%         1
 Ensorcelled Hibernation  Hex/Ice        0%         N/A       89%         2
 Wereblood                Tmut           0%         N/A       89%         2
 Spider Form              Tmut/Pois      0%         N/A       98%         3
 Tukima's Dance           Hex            0%         N/A       98%         3


Dungeon Overview and Level Annotations

Branches:
Dungeon (2/15)

Altars:


Innate Abilities, Weirdness & Mutations

Your serpentine skin is tough. (AC +1)
You have supernaturally acute eyesight. (SInv)
Armour fits poorly on your strangely shaped body.
Your system is resistant to poisons. (rPois)
You cover ground very slowly.
You can spit poison.
You have a snake-like lower body.


Message History

The frilled lizard bites you but does no damage.
The quokka bites you. The frilled lizard bites you.
You puncture the frilled lizard!
You kill the frilled lizard!
The frilled lizard bites you but does no damage.
The frilled lizard closely misses you. The quokka completely misses you.
The frilled lizard bites you but does no damage.
The dart slug barely misses you.
The frilled lizard bites you but does no damage.
You puncture the dart slug!
You kill the dart slug!
The frilled lizard bites you. The quokka bites you.
* * * LOW HITPOINT WARNING * * *
The frilled lizard completely misses you.
The frilled lizard bites you but does no damage.
You block the frilled lizard's attack.
Your Shields skill increases to level 3!
The quokka bites you.
* * * LOW HITPOINT WARNING * * *
The frilled lizard bites you but does no damage.
You see here a frilled lizard corpse.
The quokka bites you.
* * * LOW HITPOINT WARNING * * *
The quokka bites you but does no damage.
You closely miss the quokka. The quokka bites you.
* * * LOW HITPOINT WARNING * * *
You miss the quokka.
The quokka bites you but does no damage.
It was a potion of haste.
You feel yourself speed up. The quokka completely misses you.
The quokka barely misses you.
You puncture the quokka!
You kill the quokka!
The bat barely misses you.
You puncture the bat!
You kill the bat!
You miss the frilled lizard. You closely miss the frilled lizard.
A ball python comes into view.
The frilled lizard bites you.
You die...

##### #...#
#...## #....####
#......S# #.@###
##lgl##
#######†l####
##.....#l....##
#.............##
...............#
...............#
...............#
..........>....#


You could see a hobgoblin, a ball python (wandering) and 4 frilled lizards.

Vanquished Creatures
  2 dart slugs
  5 endoplasms (D:1)
  4 goblins
  3 hobgoblins (D:1)
  3 kobolds (D:1)
  A quokka (D:2)
  6 ball pythons
  3 bats
  2 frilled lizards (D:2)
  2 rats (D:1)
31 creatures vanquished.

Vanquished Creatures (others)
  7 plants (D:2)
7 creatures vanquished.

Grand Total: 38 creatures vanquished

Notes
Turn   | Place    | Note
-------+----------+-------------------------------------------
     0 | D:1      | Sweebthomas the Naga Fighter began the quest for the Orb.
     0 | D:1      | Reached XP level 1. HP: 21/21 MP: 1/1
   142 | D:1      | Reached XP level 2. HP: 21/28 MP: 2/2
   342 | D:1      | Found a faded altar of an unknown god.
   548 | D:1      | Reached XP level 3. HP: 34/34 MP: 3/3
   938 | D:2      | Slain by a frilled lizard

Illustrated notes

Levels and vault maps discovered:
D:1:      giann_horns, layout_loops_ring, hellmonk_ecumenical_altar_blasted,
          minmay_pentomino_u2
D:2:      layout_rooms, serial_shops, shop, nicolae_shop_crystal,
          minmay_lizard_king

Skill      XL: |  1  2  3 |
---------------+----------+-----
Shields        | 3 |  3.0
Fighting       | |  3.2
Polearms       | |  2.7
Armour         | |  2.4

Action                   || total
-------------------------++-------
Melee: Trident           ||    81
  Use: Potion            ||     2
Armor: Scale mail        ||    39
Dodge: Dodged            ||    39
Block: Buckler           ||     5

Table legend: (Time is in decaauts)
 A = Elapsed time spent in this place.
 B = Non-inter-level travel time spent in this place.
 C = Inter-level travel time spent in this place.
 D = Time resting spent in this place.
 E = Time spent auto-exploring this place.
 F = Levels seen in this place.
 G = Mean time per level.
                   A        B        C        D        E       F      G
               +--------+--------+--------+--------+--------+-----+--------+
         Total |   1201 |   1151 |     50 |      6 |    915 |   2 |  600.5 |
       Dungeon |   1201 |   1151 |     50 |      6 |    915 |   2 |  600.5 |
               +--------+--------+--------+--------+--------+-----+--------+

Top non-repeatable levels by time:
     D:1: 1082 daAuts
     D:2: 118 daAuts
